 Dungeon Crawl Stone Soup version 0.20.0-10-g0535bb4 (console) character file.

3566 bli the Magician (level 10, -13/71 HPs)
             Began as a Human Fire Elementalist on June 3, 2017.
             Was an Elder of Cheibriados.
             Mangled by Gastronok (37 damage)
             ... on level 8 of the Dungeon on June 4, 2017.
             The game lasted 00:58:50 (8872 turns).

bli the Magician (Human Fire Elementalist)          Turns: 8872, Time: 00:58:50

Health: -13/71     AC:  6    Str: 18    XL:     10   Next: 30%
Magic:  14/21      EV: 17    Int: 23    God:    Cheibriados [****..]
Gold:   223        SH:  0    Dex: 24    Spells: 9/24 levels left

rFire    . . .     SeeInvis .   b - +1 war axe (venom)
rCold    . . .     Gourm    .   (no shield)
rNeg     . . .     Faith    .   E - +2 robe {MR+}
rPois    .         Spirit   .   G - +0 helmet
rElec    .         Reflect  .   e - +0 cloak (curse)
rCorr    .         Harm     .   (no gloves)
MR       +....                  (no boots)
Stlth    ++++......             (no amulet)
Regen    0.3/turn               H - ring of stealth
MPRegen  0.2/turn               l - -3 ring of intelligence (curse)

@: very slow
A: no striking features
a: Bend Time, Temporal Distortion, Slouch, Renounce Religion


You were on level 8 of the Dungeon.
You worshipped Cheibriados.
Cheibriados was greatly pleased with you.
You were hungry.

You visited 2 branches of the dungeon, and saw 9 of its levels.

You collected 223 gold pieces.

Inventory:

Hand Weapons
 a - a +2 whip of flaming
 b - a +1 war axe of venom (weapon)
 m - a +2 rapier of holy wrath
 A - a +2 flail of draining
 R - a +1 dagger of holy wrath
 S - a +1 hand axe of venom
Missiles
 g - 203 stones (quivered)
 s - 10 tomahawks
 B - 3 tomahawks of returning
Armour
 e - a cursed +0 cloak (worn)
 E - a +2 robe of magic resistance (worn)
 G - a +0 helmet (worn)
Jewellery
 d - an uncursed ring of resist corrosion
 l - a cursed -3 ring of intelligence (right hand)
 x - an uncursed ring of protection from fire
 y - an uncursed ring of protection from fire
 F - an uncursed ring of resist corrosion
 H - a ring of stealth (left hand)
Wands
 k - a wand of digging (7/24)
 u - a wand of paralysis (15/24)
 M - a wand of flame (24/48)
Scrolls
 p - 3 scrolls of recharging {unknown}
 r - a scroll of immolation {unknown}
 w - a scroll of fog {unknown}
 C - a scroll of enchant weapon
 D - 2 scrolls of teleportation
 I - 2 scrolls of remove curse {unknown}
 N - a scroll of magic mapping
 P - 3 scrolls of enchant armour {unknown}
 Q - a scroll of holy word {unknown}
Potions
 h - 2 potions of invisibility {unknown}
 i - a potion of degeneration {unknown}
 j - 6 potions of curing {unknown}
 n - a potion of brilliance
 t - a potion of agility
 v - a potion of magic
 z - a potion of lignification
 O - a potion of ambrosia
Books
 q - a book of Callings

   Spells                             Type                      Level
   a - Summon Small Mammal            Summoning                    1
   b - Call Imp                       Summoning                    2
   c - Call Canine Familiar           Summoning                    3
   d - Summon Guardian Golem          Hexes/Summoning              3
   e - Summon Lightning Spire         Summoning/Air                4
   f - Summon Ice Beast               Ice/Summoning                4
Comestibles
 c - 3 bread rations
 f - 4 meat rations
 J - 5 fruits


   Skills:
 * Level 3.7 Fighting
 + Level 3.3 Axes
 + Level 5.5 Dodging
 + Level 2.4 Stealth
 + Level 7.9 Spellcasting
 + Level 5.9 Conjurations
 + Level 6.5 Fire Magic
 + Level 1.0 Invocations


You had 9 spell levels left.
You knew the following spells:

 Your Spells              Type           Power        Failure   Level  Hunger
a - Throw Flame           Conj/Fire      #####.       1%          2    None
b - Fireball              Conj/Fire      #####.....   14%         5    #####..
c - Conjure Flame         Conj/Fire      #####...     1%          3    None
s - Sticky Flame          Conj/Fire      #####...     5%          4    ###....
t - Flame Tongue          Conj/Fire      #####        1%          1    None


Dungeon Overview and Level Annotations

Branches:
Dungeon (8/15)             Temple (1/1) D:6
   Lair: D:8-11

Altars:
Cheibriados
Dithmenos
Elyvilon
Kikubaaqudgha
Nemelex Xobeh
Okawaru
Qazlal
Ru
Uskayaw
Xom
Yredelemnul
The Shining One
Lugonu

Annotations:
D:8 Gastronok


Message History

You are feeling hungry.
Gastronok burns!
Gastronok sloshes about.
Gastronok bites you!!
You hit Gastronok.
Gastronok is poisoned.
Gastronok is lightly wounded.
Gastronok burns!
Gastronok bites you but does no damage.
You hit Gastronok but do no damage.
Gastronok looks as sick as possible!
Gastronok is lightly wounded.
Gastronok burns! x2
You slash Gastronok!
Gastronok looks as sick as possible!
Gastronok is moderately wounded.
Gastronok burns!
Gastronok bites you!!
* * * LOW HITPOINT WARNING * * *
You feel much better.
Gastronok burns!
You hit Gastronok.
Gastronok looks as sick as possible!
Gastronok is heavily wounded.
Gastronok burns!
Gastronok bites you!!!
Ouch! That really hurt!
You die...

.. .. ... #...
#.... ###.....
##......#
###.)(###
####..###..##
#####...####....##
#@.....## #......
#..w.....##
#......
#........###
#...... ##......##
#...... #./...##
#...... #...###
#...... #..#
#...... #..
#...... #......
#...... #......


You could see Gastronok (burning).

Vanquished Creatures
  Pikel (D:4)
  A hippogriff (D:7)
  Sigmund (D:2)
  Eustachio (D:6)
  Menkaure (D:4)
  Edmund (D:4)
  A black bear (D:7)
  A sky beast (D:7)
  An ice beast (D:7)
  2 orc warriors (D:6)
  2 slaves (D:4)
  2 ogres (D:7)
  4 centaurs
  The ghost of bli the Magician, an amateur TeVM of Hepliaklqana (D:3)
  A bullfrog (D:7)
  A scorpion (D:8)
  3 killer bees (D:7)
  2 howler monkeys
  A crimson imp (D:5)
  A jelly (D:5)
  A quasit (D:7)
  An orc priest (D:5)
  A bullfrog skeleton (D:5)
  2 hounds
  10 orc wizards
  Jessica (D:2)
  An iguana (D:7)
  6 worker ants
  2 killer bee zombies
  A hound skeleton (D:5)
  A worker ant zombie (D:5)
  13 adders
  4 shadow imps
  An ooze (D:4)
  An adder skeleton (D:5)
  2 worms
  5 dart slugs
  8 leopard geckos
  31 orcs
  4 giant cockroaches
  7 goblins
  10 hobgoblins
  12 jackals
  4 quokkas
  3 ball pythons (D:2)
  8 bats
  A frilled lizard (D:4)
  10 kobolds
  9 rats
189 creatures vanquished.

Vanquished Creatures (others)
  A hound (D:5)
  An adder (D:4)
  An orc (D:5)
  A giant cockroach (D:5)
4 creatures vanquished.

Grand Total: 193 creatures vanquished

Notes
Turn   | Place    | Note
-------+----------+-------------------------------------------
     0 | D:1      | bli the Human Fire Elementalist began the quest for the Orb.
     0 | D:1      | Reached XP level 1. HP: 13/13 MP: 3/3
   393 | D:1      | Reached XP level 2. HP: 6/19 MP: 0/5
  1177 | D:1      | Reached XP level 3. HP: 24/24 MP: 4/6
  1661 | D:2      | Noticed Sigmund
  1785 | D:2      | Reached skill level 3 in Spellcasting
  1785 | D:2      | Reached XP level 4. HP: 28/30 MP: 3/8
  2229 | D:2      | Noticed Jessica
  2260 | D:2      | Killed Jessica
  2304 | D:2      | Found a glowing golden altar of the Shining One.
  2309 | D:2      | Found a basalt altar of Yredelemnul.
  2311 | D:2      | Noticed a profane servitor
  2317 | D:2      | Noticed an angel
  2436 | D:3      | Found a snail-covered altar of Cheibriados.
  2451 | D:3      | Reached XP level 5. HP: 28/36 MP: 6/9
  2457 | D:3      | Learned a level 4 spell: Sticky Flame
  2461 | D:3      | Learned a level 3 spell: Conjure Flame
  2692 | D:3      | Became a worshipper of Cheibriados the Contemplative
  2879 | D:3      | Noticed bli's ghost (amateur TeVM)
  2881 | D:3      | Found an iron altar of Okawaru.
  2892 | D:3      | Killed bli's ghost
  2892 | D:3      | Reached XP level 6. HP: 7/42 MP: 2/11
  3397 | D:3      | Reached * piety under Cheibriados
  3597 | D:4      | Found a stormy altar of Qazlal.
  3597 | D:4      | Noticed Menkaure
  3619 | D:4      | Killed Menkaure
  3619 | D:4      | Reached skill level 1 in Fighting
  3619 | D:4      | Reached skill level 4 in Spellcasting
  3619 | D:4      | Reached XP level 7. HP: 9/48 MP: 7/13
  4230 | D:4      | Noticed Edmund
  4425 | D:4      | Killed Edmund
  4563 | D:4      | Noticed Pikel
  4685 | D:4      | Paralysed by Pikel for 3 turns
  4686 | D:4      | Killed Pikel
  4686 | D:4      | Reached ** piety under Cheibriados
  4686 | D:4      | Reached skill level 5 in Spellcasting
  4686 | D:4      | Reached skill level 5 in Fire Magic
  4686 | D:4      | Reached XP level 8. HP: 41/54 MP: 9/16
  4951 | D:5      | Entered Level 5 of the Dungeon
  4961 | D:5      | Reached skill level 6 in Spellcasting
  5279 | D:2      | Killed Sigmund
  5519 | D:5      | Reached XP level 9. HP: 30/60 MP: 12/18
  5651 | D:5      | Found a shimmering altar of Xom.
  5736 | D:5      | Found a hide-covered altar of Uskayaw.
  6418 | D:5      | Found a sacrificial altar of Ru.
  6701 | D:5      | Reached skill level 7 in Spellcasting
  6701 | D:5      | Reached skill level 5 in Conjurations
  6884 | D:6      | Found a staircase to the Ecumenical Temple.
  6908 | Temple   | Entered the Ecumenical Temple
  6922 | Temple   | Learned a level 5 spell: Fireball
  6927 | Temple   | Learned a level 2 spell: Throw Flame
  6985 | D:6      | Noticed Eustachio
  6993 | D:6      | Reached *** piety under Cheibriados
  6994 | D:6      | Killed Eustachio
  7579 | D:6      | Reached skill level 1 in Axes
  7579 | D:6      | Reached skill level 5 in Dodging
  7921 | D:7      | Noticed a hippogriff
  7932 | D:7      | Killed a hippogriff
  7932 | D:7      | Reached **** piety under Cheibriados
  7932 | D:7      | Reached XP level 10. HP: 13/69 MP: 12/21
  8757 | D:7      | Reached skill level 1 in Invocations
  8859 | D:8      | Noticed Gastronok
  8872 | D:8      | Mangled by Gastronok

Skill      XL: |  1  2  3  4  5  6  7  8  9 10 |
---------------+-------------------------------+-----
Spellcasting   | 3 4 5 6 7 |  7.9
Conjurations   | 2 3 4 5 |  5.9
Dodging        | 3 4 5 |  5.5
Fire Magic     | 4 5 6 |  6.5
Fighting       | 1 2 3 |  3.7
Axes           | 2 3 |  3.3
Invocations    | 1 |  1.0
Stealth        | |  2.4

Action                   |  1- 3 |  4- 6 |  7- 9 | 10-12 || total
-------------------------+-------+-------+-------+-------++-------
Melee: Unarmed           |   129 |   109 |     4 |       ||   242
       Trident           |       |       |     4 |       ||     4
       Whip              |       |       |    40 |     7 ||    47
       War axe           |       |       |    66 |    29 ||    95
 Cast: Flame Tongue      |    43 |   107 |   141 |     3 ||   294
       Sticky Flame      |       |       |    19 |     7 ||    26
       Conjure Flame     |       |       |     1 |       ||     1
       Throw Flame       |       |       |    22 |    15 ||    37
  Use: Scroll            |     4 |       |     9 |     1 ||    14
       Potion            |       |       |       |     1 ||     1
 Stab: Sleeping          |     3 |     1 |     4 |     1 ||     9
       Paralysed         |       |       |     1 |       ||     1
  Eat: Chunk             |     3 |     7 |     9 |     1 ||    20
Armor: Robe              |    36 |    27 |    30 |     9 ||   102
Dodge: Dodged            |   109 |   115 |   173 |    50 ||   447
